Map: Acid Plant LE

Players

fruitcake - Winner!

  • Race: Terran Terran
  • Spawn Location: 11:00

A.I. 1 (Harder)

  • Race: Terran Terran
  • Spawn Location: 5:00

VOD

Have the link to the VOD?

Description

Time

  • Played on: May 5, 2018, 3:02 p.m.
  • Length: 9:34
Show
View Real Time Build Order
Export as new Build Order

fruitcake Terran - Winner!

Build Orders:  

Get SALT Encoding   

  12  0:00  SCV  
  13  0:14  Supply Depot  
  13  0:18  SCV  
  14  0:30  SCV, Refinery  
  15  0:45  Barracks  
  15  0:48  SCV  
  16  1:00  SCV  
  17  1:24  Command Center  
  17  1:29  SCV  
  17  1:31  Marine  
  19  1:40  Supply Depot  
  19  1:44  SCV  
  20  1:50  Marine  
  21  1:56  SCV  
  22  2:06  Barracks  
  22  2:12  Marine  
  23  2:26  SCV  
  24  2:38  SCV, Marine  
  24  2:39  Engineering Bay  
  26  2:45  SCV  
  26  2:50  Orbital Command  
  27  2:57  SCV, Barracks Reactor, Supply Depot  
  28  3:06  Barracks Tech Lab  
  28  3:07  Terran Infantry Weapons Level 1  
  28  3:09  SCV  
  29  3:21  SCV  
  29  3:24  Barracks  
  30  3:28  Marauder  
  30  3:33  SCV, Marine  
  30  3:34  Marine  
  35  3:49  Marine  
  35  3:51  Marine x2  
  38  3:55  Factory  
  38  3:58  SCV  
  39  4:05  Supply Depot  
  39  4:08  Marauder  
  39  4:09  Marine x2  
  43  4:10  SCV  
  44  4:18  Refinery  
  44  4:22  SCV  
  44  4:24  Refinery  
  45  4:25  SCV, Refinery  
  45  4:27  Marine x2  
  45  4:29  Marauder  
  50  4:34  SCV  
  50  4:37  SCV  
  52  4:44  Cyclone  
  55  4:50  Marauder  
  57  4:55  Marine  
  57  4:56  Marine  
  57  4:57  SCV x2  
  61  5:09  SCV  
  61  5:13  Barracks Reactor  
  62  5:17  Supply Depot  
  62  5:21  Supply Depot  
  62  5:35  Factory Reactor  
  62  5:39  Marine x2, SCV x2, Marauder  
  68  5:46  Supply Depot  
  68  5:51  SCV x2  
  68  5:56  Marine x2  
  72  5:57  Marine x2  
  72  6:01  Marauder  
  72  6:03  SCV  
  72  6:04  Terran Infantry Armor Level 1  
  77  6:12  Supply Depot  
  77  6:14  Marine x2  
  77  6:15  Marine x2  
  81  6:22  Marauder  
  83  6:32  Marine x2  
  85  6:33  Marine x2  
  85  6:35  Bunker  
  87  6:41  Stimpack  
  87  6:43  Marauder  
  89  6:50  Marine x2  
  89  6:51  Marine x2  
  93  6:58  Supply Depot  
  91  7:05  Marauder  
  91  7:08  Marine  
  94  7:14  Marine x2  
  94  7:16  Marine  
  94  7:20  Supply Depot  
  91  7:25  Marine  
  91  7:26  Marauder  
  89  7:32  Marine x2  
  89  7:34  Marine  
  87  7:43  Marine  
  88  7:47  Marauder  
  88  7:48  Cyclone x2  
  88  7:50  SCV, Marine x2  
  99  7:52  Marine  
  99  7:56  Supply Depot  
  100  8:01  Marine  
  100  8:02  SCV  
  102  8:08  Marine x2  
  102  8:09  Marauder  
  102  8:10  Marine  
  107  8:14  SCV  
  107  8:19  Marine  
  109  8:20  Cyclone x2, Supply Depot  
  109  8:26  Marine x2, SCV  
  114  8:28  Marine  
  114  8:30  Marauder  
  114  8:37  Marine  
  115  8:44  Marine x2  
  115  8:45  Marine  
  118  8:52  Marauder  
  118  8:54  Marine  
  121  9:01  Marine x2  
  123  9:03  Marine  
  124  9:12  Marine  
  126  9:25  Supply Depot  
  126  9:29  Supply Depot  
  126  9:31  Command Center  
Show
View Real Time Build Order
Export as new Build Order

A.I. 1 (Harder) Terran 

Build Orders: MMM Bio 

Get SALT Encoding   

  12  0:00  SCV  
  13  0:13  SCV  
  14  0:18  Supply Depot  
  14  0:25  SCV  
  15  0:40  SCV  
  16  0:44  Barracks  
  16  0:50  Refinery  
  16  0:52  SCV  
  17  1:04  SCV  
  18  1:16  SCV  
  19  1:20  Supply Depot  
  19  1:29  SCV  
  19  1:32  Marine  
  21  1:41  Barracks, Orbital Command  
  21  1:48  Refinery  
  21  1:51  Barracks Tech Lab  
  21  2:09  Marine  
  21  2:10  Supply Depot  
  22  2:27  Marine  
  22  2:28  Marine  
  24  2:39  Supply Depot  
  24  2:45  Marauder  
  24  2:46  Marine  
  27  3:04  Marine  
  28  3:06  Marauder  
  30  3:13  Supply Depot  
  30  3:21  SCV  
  30  3:22  Marine  
  32  3:28  Marauder  
  32  3:33  SCV  
  35  3:34  Engineering Bay  
  35  3:40  Marine  
  36  3:45  SCV  
  37  3:49  Marauder  
  39  3:57  SCV  
  39  4:01  Supply Depot  
  40  4:09  SCV  
  41  4:11  Marauder  
  43  4:21  SCV  
  44  4:32  Marauder  
  46  4:53  Marauder  
  48  5:15  Marauder  
  50  5:48  Barracks Tech Lab, Reaper  
  50  5:49  Terran Infantry Weapons Level 1, Stimpack  
  51  5:50  Factory  
  51  5:54  Command Center, Factory  
  51  5:56  Missile Turret  
  51  5:57  Supply Depot  
  51  6:06  Marine, Combat Shields  
  52  6:12  Ghost Academy  
  52  6:20  Marine  
  52  6:23  Marine  
  54  6:33  Missile Turret  
  54  6:37  Starport  
  54  6:38  Marine  
  55  6:41  Marine, Factory Tech Lab x2, Starport  
  56  6:54  Bunker  
  56  6:56  Marine  
  56  6:59  Reaper  
  58  7:03  Supply Depot  
  58  7:07  SCV x2  
  60  7:14  Marine  
  60  7:15  Refinery  
  60  7:17  Missile Turret  
  60  7:19  SCV x2, Starport Tech Lab x2, Missile Turret  
  62  7:25  Concussive Shells  
  62  7:31  SCV x2, Marine  
  62  7:32  Marine  
  42  7:40  Raven  
  42  7:43  SCV  
  45  7:46  SCV  
  45  7:49  Marine, Marauder  
  49  7:55  SCV  
  49  7:58  SCV  
  51  8:07  SCV  
  51  8:08  Marauder  
  51  8:10  SCV, Marine  
  56  8:19  SCV  
  57  8:22  SCV  
  52  8:29  Marine, Marauder  
  52  8:31  SCV  
  48  8:34  SCV  
  39  8:43  SCV, Viking  
  39  8:46  Marine  
  25  8:58  SCV x2  
  14  9:10  SCV  
Tags
 
Composition
MMM Bio
Matchup
TvT
Race
Terran
Spawn Locations
Cross Positions
Add a new tag
Caveats
  • Supply blocks, unpowered buildings, or Contaminate may cause inaccurate times.
  • Supply counts are checked every 10 seconds.